AoeStats
← KaLong

Nomad

507198707Analyzed
4v4 RM · 16d ago on Sep 17, 2026· 49m 31s· 8 players
Game mode
Random Map
Map size
231×231
Population
200
Speed
Normal
Resources
Standard
Victory
Conquest
Starting age
Dark Age
Ending age
Imperial Age
RankedLock teamsTeams togetherTeam positionsShared explorationLock speedFull tech treeHidden civsTurbo modeCheats
Victory
Defeat
🇦🇷 Koreans · Argentina
1578
+15
🇨🇷 Dravidians · Costa Rica
1457
+20
🇲🇽 Wu · Mexico
1420
+21
🇲🇽 Persians · Mexico
1380
+23
🇨🇳 Persians · China
1590
-22
🇺🇸 Saracens · United States
1541
-20
🇺🇸 Koreans · United States
1514
-19
🇧🇷 Italians · Brazil
1504
-18
倉木華
5:02 Loom
14:49 Feudal Age
15:30 Town Watch
15:34 Double-Bit Axe
17:10 Fletching
22:58 Horse Collar
23:10 Gold Mining
25:38 Wheelbarrow
26:51 Stone Mining
31:17 Castle Age
36:30 Bodkin Arrow
37:26 Fishing Lines
45:50 Imperial Age
45:35 Hand Cart
48:48 Bow Saw
49:13 Gold Shaft Mining
49:14 Stone Shaft Mining
51:16 Imperial Age
Tuco Parmera
5:14 Loom
5:30 Loom
13:30 Feudal Age
13:59 Feudal Age
17:39 Castle Age
16:49 Double-Bit Axe
17:37 Fishing Lines
18:44 Medium Warships
18:27 Town Watch
19:18 Fletching
19:42 Bow Saw
19:37 Gillnets
23:55 Wheelbarrow
25:31 Gold Mining
26:21 Horse Collar
27:42 Heavy Plow
32:06 Imperial Age
30:04 Padded Archer Armor
31:01 Bodkin Arrow
33:09 Conscription
34:32 Chemistry
34:47 Two-Man Saw
33:58 Bracer
34:38 Leather Archer Armor
37:13 Silk Road
37:19 Pirotechnia
41:21 Light Cavalry
42:02 Husbandry
42:13 Forging
42:08 Scale Barding Armor
43:01 Bloodlines
44:10 Husbandry
44:32 Chain Barding Armor
44:08 Hussar
48:52 Plate Barding Armor
48:59 Iron Casting
KaLong
5:02 Loom
13:37 Feudal Age
18:17 Castle Age
19:19 Forging
21:37 Double-Bit Axe
28:27 Wheelbarrow
28:41 Horse Collar
29:32 Scale Barding Armor
31:22 Iron Casting
31:07 Chain Barding Armor
33:44 Town Watch
34:31 Bloodlines
36:09 Husbandry
41:31 Imperial Age
43:17 Chemistry
Bo Zhi Shang
4:45 Loom
13:38 Feudal Age
14:38 Double-Bit Axe
24:05 Castle Age
30:10 Medium Warships
32:57 Wheelbarrow
33:49 Fishing Lines
34:29 Gillnets
35:14 Gold Mining
35:10 Horse Collar
37:44 Heavy Plow
38:00 Bow Saw
39:51 Hand Cart
42:42 Imperial Age
41:33 Bloodlines
41:23 Husbandry
42:22 Scale Barding Armor
42:28 Forging
42:42 Cavalier
43:42 Hand Cart
44:37 Chain Barding Armor
49:09 Thumb Ring
48:24 Elite Skirmisher
Lady D
5:06 Loom
11:11 Feudal Age
28:46 Castle Age
28:35 Bloodlines
40:26 Imperial Age
40:27 Fletching
43:52 Husbandry
Wolobo
4:51 Loom
14:46 Feudal Age
18:54 Castle Age
17:19 Scale Mail Armor
17:40 Arson
18:08 Forging
19:50 Chain Mail Armor
19:51 Squires
37:52 Imperial Age
36:45 Double-Bit Axe
36:41 Horse Collar
38:35 Wheelbarrow
38:11 Bow Saw
38:03 Heavy Plow
39:11 Plate Mail Armor
39:09 Gold Mining
40:08 Iron Casting
40:13 Stone Mining
43:21 Blast Furnace
44:24 Pikeman
46:26 Hand Cart
46:05 Halberdier
48:35 Town Watch
Daniel Lothbrok
7:18 Loom
12:37 Feudal Age
14:08 Double-Bit Axe
15:01 Forging
15:55 Scale Barding Armor
22:30 Castle Age
20:39 Horse Collar
22:30 Wheelbarrow
21:40 Town Watch
23:57 Stone Mining
24:25 Heavy Plow
24:41 Fletching
25:20 Bow Saw
26:31 Bodkin Arrow
28:42 Hand Cart
30:44 Gold Mining
35:54 Imperial Age
35:27 Ballistics
36:11 Town Patrol
37:57 Chemistry
36:22 Heavy Scorpion
38:01 Conscription
44:19 Pikeman
45:00 Squires
47:33 Iron Casting
46:58 Scale Mail Armor
46:59 Bracer
46:31 Halberdier
48:57 Wootz Steel
50:02 Two-Man Saw
DiegoRasta
5:41 Loom
13:22 Feudal Age
17:27 Castle Age
16:31 Double-Bit Axe
16:37 Fletching
17:15 Stone Mining
17:18 Gold Mining
18:16 Bodkin Arrow
22:16 Fishing Lines
23:51 Bow Saw
26:16 Wheelbarrow
27:44 Town Watch
28:47 Gillnets
35:11 Imperial Age
32:06 Elite Skirmisher
34:25 Thumb Ring
35:48 Ballistics
36:41 Bracer
38:19 Chemistry
44:31 Crossbowman
47:12 Arbalester
Connection lost

Rejoining the realm…

Still unreachable

The connection could not be restored.

Session expired

The server has moved on; the page needs a fresh start.